Map: Prion Terraces

Players

HyuN

  • Race: Zerg Zerg

LiquidSnute (Snute) - Winner!

  • Race: Zerg Zerg
  • League: Grandmaster

Event: Homestory Cup XII

VOD

Have the link to the VOD?

Description

Time

  • Played on: Dec. 19, 2015, 2:11 p.m.
  • Length: 6:21

All games in this series

Show
View Real Time Build Order
Export as new Build Order

HyuN Zerg 

Build Orders: Hatch First 

Get SALT Encoding   

  12  0:00  Drone  
  13  0:12  Overlord  
  13  0:17  Drone  
  14  0:30  Drone x2  
  14  0:35  Drone  
  17  0:52  Hatchery  
  17  0:54  Drone  
  17  0:57  Drone  
  18  1:05  Extractor  
  17  1:12  Spawning Pool  
  17  1:16  Drone  
  17  1:19  Drone  
  18  1:28  Drone  
  19  1:38  Overlord  
  19  2:01  Zergling x2  
  19  2:02  Queen, Zergling x2  
  19  2:04  Spine Crawler  
  22  2:13  Baneling Nest  
  21  2:16  Zergling x2  
  21  2:24  Zergling x2  
  22  2:33  Zergling x2  
  20  2:48  Queen  
  20  2:49  Spine Crawler  
  20  2:54  Zergling x2  
  20  2:56  Zergling x2  
  22  3:00  Baneling x2  
  22  3:04  Zergling x2  
  22  3:06  Zergling x2  
  22  3:24  Queen  
  24  3:33  Queen  
  26  3:38  Spine Crawler  
  25  3:44  Baneling x2  
  25  3:45  Baneling  
  25  3:52  Zergling x4  
  20  4:13  Drone x3  
  19  4:18  Zergling x6  
  21  4:26  Zergling x2  
  21  4:30  Zergling x2  
  23  4:35  Spine Crawler  
  23  4:37  Baneling  
  22  5:05  Drone x3  
  23  5:16  Drone x3  
  26  5:26  Zergling x2  
  26  5:28  Zergling x2  
  26  5:37  Zergling x2  
  26  5:39  Zergling x4  
  29  5:44  Baneling x2  
  23  5:50  Zergling x4  
Show
View Real Time Build Order
Export as new Build Order

LiquidSnute Zerg - Winner!

Build Orders: Pool Only, Zergling Baneling 

Get SALT Encoding   

  12  0:00  Drone  
  13  0:21  Spawning Pool  
  13  0:25  Drone  
  13  0:29  Extractor  
  13  0:31  Drone  
  13  0:36  Drone  
  14  0:45  Overlord  
  14  1:08  Zergling x2, Queen  
  14  1:09  Zergling x2  
  14  1:11  Zergling x2  
  19  1:19  Zergling x2  
  19  1:25  Baneling Nest  
  19  1:30  Zergling x2  
  20  1:41  Zergling x2  
  21  1:51  Overlord  
  21  1:59  Metabolic Boost  
  21  2:03  Zergling x2  
  22  2:10  Baneling  
  22  2:16  Zergling x6  
  25  2:26  Baneling  
  25  2:27  Baneling  
  25  2:32  Zergling x4  
  27  2:41  Zergling x2  
  24  2:47  Zergling x2  
  24  2:49  Baneling x2  
  23  2:52  Zergling x2  
  23  2:57  Zergling x2  
  25  3:01  Baneling  
  25  3:02  Baneling  
  24  3:11  Zergling x2  
  24  3:12  Zergling x2  
  26  3:15  Baneling  
  25  3:24  Zergling x4  
  23  3:37  Zergling x4  
  24  3:47  Baneling x3  
  24  3:49  Baneling  
  24  3:50  Zergling x2  
  25  3:57  Zergling x2  
  25  4:00  Zergling x2  
  26  4:10  Zergling x4  
  23  4:24  Zergling x4  
  24  4:29  Zergling x2  
  24  4:34  Baneling  
  24  4:35  Baneling  
  24  4:44  Baneling x2  
  24  4:46  Zergling x2  
  25  5:00  Zergling x2  
  25  5:01  Zergling x6  
  25  5:04  Baneling  
  28  5:13  Zergling x2  
  26  5:24  Zergling x6  
  26  5:25  Zergling x2  
  29  5:30  Baneling x2  
  29  5:38  Baneling  
  27  5:52  Zergling x2  
  27  5:53  Zergling x4  
  26  6:00  Zergling x2  
  26  6:01  Zergling x4  
Tags
 
Add a new tag
Caveats
  • Supply blocks, unpowered buildings, or Contaminate may cause inaccurate times.
  • Supply counts are checked every 10 seconds.